 Dungeon Crawl Stone Soup version 0.31-a0-263-ge8cad7f256 (webtiles) character file.

Game seed: 17390498479981775762

2610 qw the Skirmisher (level 9, -1/55 HPs)
             Began as a Gargoyle Hexslinger on July 13, 2023.
             Was a Believer of Okawaru.
             Slain by a yak (10 damage)
             ... on level 8 of the Dungeon.
             The game lasted 00:02:56 (6209 turns).

qw the Skirmisher (Gargoyle Hexslinger)             Turns: 6209, Time: 00:02:57

Health: -1/55      AC: 23    Str: 12    XL:     9   Next: 59%
Magic:  10/12      EV: 15    Int: 14    God:    Okawaru [**....]
Gold:   335        SH:  0    Dex: 16    Spells: 9/10 levels left

rFire   . . .        l - +0 orcbow
rCold   + . .        (shield currently unavailable)
rNeg    + . .        z - +3 leather armour
rPois   inf          k - +2 helmet
rElec   +            r - +0 cloak
rCorr   .            g - +2 pair of gloves
SInv    .            i - +0 pair of boots
Will    +....        (no amulet)
Stlth   +++          h - ring of protection from cold
HPRegen 0.29/turn    y - ring of willpower
MPRegen 0.13/turn

%: no passive effects
@: heroic
A: sickness immunity, AC +6, negative energy resistance 1, electricity
resistance, torment resistance 1, petrification resistance
a: Renounce Religion, Heroism


You were on level 8 of the Dungeon.
You worshipped Okawaru.
Okawaru was pleased with you.
You visited 1 branch of the dungeon, and saw 8 of its levels.

You collected 335 gold pieces.


Innate Abilities, Weirdness & Mutations

You are immune to sickness and miasma.
Your stone body is resilient. (AC +6)
You are immune to poison.
You resist negative energy. (rN+)
You are resistant to electric shocks. (rElec)
You are resistant to unholy torment.
You are immune to petrification.


   Skills:
 - Level 6.0(11.0) Fighting
 - Level 10.2(15.2) Ranged Weapons
 - Level 3.2(8.2) Armour
 + Level 2.5(7.5) Dodging
 - Level 1.0 Spellcasting
 - Level 2.6 Hexes
 - Level 4.1 Invocations


You had 9 spell levels left.
You knew the following spells:

 Your Spells              Type           Power      Damage    Failure   Level
a - Slow                  Hex            32%        N/A       11%         1

Your spell library contained the following spells:

 Spells                   Type           Power      Damage    Failure   Level
 Inner Flame              Hex/Fire       4%         N/A       50%         3
 Portal Projectile        Hex/Tloc       8%         N/A       50%         3
 Cause Fear               Hex            4%         N/A       71%         4

Inventory:

Hand Weapons
 l - a +0 orcbow (weapon)
Armour
 g - a +2 pair of gloves (worn)
 i - a +0 pair of boots (worn)
 k - a +2 helmet (worn)
 r - a +0 cloak (worn)
 z - a +3 leather armour (worn)
Jewellery
 b - a +6 ring of strength
 c - a ring of ice
 h - a ring of protection from cold (left hand)
 s - a ring of fire
 y - a ring of willpower (right hand)
Scrolls
 d - a scroll of teleportation
 f - a scroll of identify
Potions
 a - 4 potions of might
 e - a potion of invisibility {unknown}
 j - a potion of curing
 p - a potion of resistance
 u - a potion of berserk rage {unknown}
 v - a potion of haste {unknown}
 x - a potion of cancellation

Dungeon Overview and Level Annotations

Branches:
Dungeon (8/15)             Temple (0/1) D:6
   Lair: D:8-11

Altars:
Ashenzari
Cheibriados
Dithmenos
Makhleb
Okawaru
Qazlal
Ru
Trog
Uskayaw
Wu Jian
Xom
Yredelemnul
Zin
The Shining One

Annotations:
D:5 1 runed translucent door, qw's ghost, amateur MiHs


Message History

The arrow hits the yak but does no damage.
The yak is almost dead.
A kobold comes into view. It is wielding a +0 short sword.
The kobold brigand closely misses you. The yak gores you. x2
The yak closely misses you.
6201 ||| INVOKING Heroism.
You gain the combat prowess of a mighty hero.
The kobold brigand misses you. The yak gores you. The yak barely misses you.
The yak completely misses you.
You shoot an arrow. The arrow barely misses the yak.
The kobold brigand closely misses you. The yak gores you but does no damage.
The yak closely misses you. The yak barely misses you.
You shoot an arrow. The arrow hits the yak!!
You kill the yak!
Okawaru is honoured by your kill. The yak gores you!
The kobold brigand misses you.
Your base Ranged Weapons skill increases to level 10!
You shoot an arrow. The arrow hits the yak!
The yak is moderately wounded.
The yak gores you but does no damage. The yak gores you.
The kobold brigand hits you with a +0 short sword.
You shoot an arrow. The arrow hits the yak!
You kill the yak!
Okawaru accepts your kill.
The kobold brigand hits you but does no damage.
The yak gores you but does no damage. The yak barely misses you.
Your base Armour skill increases to level 3!
You shoot an arrow. The arrow closely misses the yak.
You shoot an arrow. The arrow barely misses the yak.
The kobold brigand barely misses you. The yak barely misses you.
The yak gores you but does no damage. x2
You shoot an arrow. The arrow hits the yak!
The yak is heavily wounded.
The kobold brigand hits you but does no damage.
The yak gores you but does no damage. The yak completely misses you.
The yak barely misses you.
You shoot an arrow. The arrow hits the yak.
The yak is severely wounded.
The kobold brigand misses you. The yak misses you. The yak gores you! x2
You die...

.. ## .#
.<######.#
......|..#
.?.......#
.......K.###..#
......YKY......
#...Y@##
#......#
....#.##.# ###
## #.# #.# #.#
#.# #.# #.#


You could see 3 yaks, a kobold brigand and a kobold.

Vanquished Creatures
  2 yaks (D:8)
  A steam dragon (D:6)
  Duvessa (D:7)
  2 black bears
  An ogre (D:6)
  2 centaurs (D:7)
  2 phantoms
  3 bullfrogs
  A scorpion (D:5)
  10 wights (D:7)
  Dowan (D:7)
  3 howler monkeys
  3 hounds (D:5)
  A jelly (D:7)
  4 orc priests
  2 iguanas
  3 orc wizards
  8 adders
  A white imp (D:7)
  3 worms
  16 orcs
  10 endoplasms
  3 giant cockroaches
  7 goblins
  10 hobgoblins
  5 jackals
  6 kobolds
  2 quokkas
  3 ball pythons
  6 bats
  5 frilled lizards
  5 rats
132 creatures vanquished.

Vanquished Creatures (others)
  A sky beast (D:7)
1 creature vanquished.

Grand Total: 133 creatures vanquished

Notes
Turn   | Place    | Note
-------+----------+-------------------------------------------
     0 | D:1      | qw the Gargoyle Hexslinger began the quest for the Orb.
     0 | D:1      | Reached XP level 1. HP: 12/12 MP: 2/2
     0 | D:1      | 0 ||| qw: Version: 0.3-a-52-g30416fa
     0 | D:1      | 0 ||| qw: Game counter: 7480
     0 | D:1      | 0 ||| qw: Melee chars always use a shield: true
     0 | D:1      | 0 ||| qw: God list: Okawaru
     0 | D:1      | 0 ||| qw: Allow faded altars: false
     0 | D:1      | 0 ||| qw: Do Orc after clearing Dungeon:15 true
     0 | D:1      | 0 ||| qw: Do second Lair branch before Depths: true
     0 | D:1      | 0 ||| qw: Lair rune preference: random
     0 | D:1      | 0 ||| qw: Goals: Normal
     0 | D:1      | 0 ||| PLANNING D:1-11
   148 | D:1      | Reached XP level 2. HP: 16/16 MP: 3/3
   222 | D:1      | Reached skill level 3 in Ranged Weapons
   479 | D:1      | 479 ||| UPGRADING to +0 leather armour.
   489 | D:1      | 489 ||| DROPPING +0 robe.
   490 | D:1      | 490 ||| UPGRADING to +2 pair of gloves.
   495 | D:1      | 495 ||| UPGRADING to +0 pair of boots.
   500 | D:1      | 500 ||| UPGRADING to ring of protection from cold.
   501 | D:1      | 501 ||| READING scroll labelled QEUXIM KYCVAY.
   502 | D:1      | 502 ||| DRINKING 3 sedimented yellow potions.
   503 | D:1      | 503 ||| DROPPING scroll of poison.
   504 | D:1      | 504 ||| DROPPING 2 potions of attraction.
   539 | D:2      | 539 ||| STAIRDANCE
   575 | D:2      | Reached XP level 3. HP: 9/22 MP: 4/4
   783 | D:2      | Found a stormy altar of Qazlal.
  1034 | D:2      | 1034 ||| UPGRADING to +0 ring mail.
  1044 | D:2      | 1044 ||| DROPPING +0 leather armour.
  1045 | D:2      | 1045 ||| READING 2 scrolls labelled REUTUJ ALADIMM.
  1055 | D:3      | Reached XP level 4. HP: 27/27 MP: 5/5
  1058 | D:3      | Identified the +0 spear of the Grave {antimagic, rF+ rC+
                  | rN+ Int+2}
  1074 | D:3      | Reached skill level 1 in Armour
  1097 | D:3      | Found an ornate altar of the Wu Jian Council.
  1488 | D:3      | Reached skill level 4 in Ranged Weapons
  1685 | D:3      | Found a glowing golden altar of the Shining One.
  1750 | D:3      | Reached XP level 5. HP: 28/31 MP: 6/6
  2040 | D:3      | 2040 ||| UPGRADING to +1 helmet.
  2045 | D:3      | 2045 ||| READING 2 scrolls labelled HEGROA DUOPE.
  2046 | D:3      | 2046 ||| READING scroll labelled FANINICZUCKE.
  2267 | D:4      | Reached skill level 5 in Ranged Weapons
  2416 | D:4      | Noticed a phantom
  2425 | D:4      | Killed a phantom
  2426 | D:4      | Reached skill level 3 in Fighting
  2426 | D:4      | Reached XP level 6. HP: 36/38 MP: 7/7
  2837 | D:4      | Found a shimmering altar of Xom.
  2837 | D:4      | Found a shadowy altar of Dithmenos.
  2844 | D:4      | Found a faded altar of an unknown god.
  2875 | D:4      | 2875 ||| FLEEEEING.
  2876 | D:4      | 2876 ||| FLEEEEING.
  2879 | D:4      | 2879 ||| FLEEEEING.
  2880 | D:4      | 2880 ||| FLEEEEING.
  2989 | D:4      | Found a hide-covered altar of Uskayaw.
  2992 | D:4      | Found a faded altar of an unknown god.
  3002 | D:4      | 3002 ||| UPGRADING to +0 cloak.
  3007 | D:4      | 3007 ||| UPGRADING to +3 leather armour.
  3017 | D:4      | 3017 ||| DROPPING +0 ring mail.
  3018 | D:4      | 3018 ||| UPGRADING to ring of willpower.
  3019 | D:4      | 3019 ||| READING scroll labelled NAWKIMP MUOBE.
  3020 | D:4      | 3020 ||| READING scroll labelled BOTIDGH KUSEU.
  3021 | D:4      | 3021 ||| READING scroll labelled QUHYGU LUILYSS.
  3022 | D:4      | 3022 ||| READING scroll labelled ROGUAZXANEI.
  3023 | D:4      | 3023 ||| READING 2 scrolls labelled BOCIEGIRUL.
  3024 | D:4      | 3024 ||| READING scroll of enchant armour.
  3024 | D:4      | 3024 ||| ENCHANTING +1 helmet.
  3025 | D:4      | 3025 ||| DRINKING 2 fuming red potions.
  3026 | D:4      | 3026 ||| DRINKING 2 amethyst potions.
  3027 | D:4      | 3027 ||| READING 2 scrolls of identify.
  3027 | D:4      | 3027 ||| IDENTIFYING smoky inky potion
  3028 | D:4      | 3028 ||| DROPPING potion of ambrosia.
  3088 | D:5      | Entered Level 5 of the Dungeon
  3097 | D:5      | Found an iron altar of Okawaru.
  3098 | D:5      | 3098 ||| PLANNING OKAWARU WORSHIP
  3135 | D:5      | Became a worshipper of Warmaster Okawaru
  3136 | D:5      | 3136 ||| PLANNING D:1-11
  3153 | D:5      | Found a bloodstained altar of Trog.
  3259 | D:5      | Found a runed translucent door.
  3259 | D:5      | Noticed qw's ghost (amateur MiHs)
  3276 | D:5      | Reached skill level 6 in Ranged Weapons
  3276 | D:5      | Reached XP level 7. HP: 30/42 MP: 8/8
  3440 | D:5      | HP: 9/43 [black bear (10)]
  3440 | D:5      | HP: 4/43 [hound (2)]
  3441 | D:5      | 3441 ||| READING scroll of teleportation.
  3442 | D:5      | 3442 ||| DRINKING potion of heal wounds.
  3568 | D:5      | Reached * piety under Okawaru
  3614 | D:5      | Reached skill level 7 in Ranged Weapons
  3621 | D:5      | Reached skill level 1 in Invocations
  3649 | D:5      | Found a burning altar of Makhleb.
  3719 | D:5      | Found a sacrificial altar of Ru.
  3719 | D:5      | Found a broken altar of Ashenzari.
  3869 | D:5      | 3869 ||| DRINKING 2 fizzy brown potions.
  3911 | D:5      | 3911 ||| READING 3 scrolls of identify.
  3911 | D:5      | 3911 ||| IDENTIFYING glowing yellow potion
  3912 | D:5      | 3912 ||| READING 2 scrolls of identify.
  3912 | D:5      | 3912 ||| IDENTIFYING viscous clear potion
  3913 | D:5      | 3913 ||| DROPPING potion of brilliance.
  3914 | D:5      | 3914 ||| DROPPING potion of lignification.
  3979 | D:6      | 3979 ||| INVOKING Heroism.
  4084 | D:6      | Identified the +10 spear of Dim Light {drain, *Noise Str+8
                  | SInv Stlth-}
  4090 | D:6      | 4090 ||| FLEEEEING.
  4091 | D:6      | 4091 ||| FLEEEEING.
  4092 | D:6      | 4092 ||| FLEEEEING.
  4093 | D:6      | 4093 ||| FLEEEEING.
  4102 | D:6      | 4102 ||| FLEEEEING.
  4103 | D:6      | 4103 ||| FLEEEEING.
  4104 | D:6      | 4104 ||| FLEEEEING.
  4105 | D:6      | 4105 ||| FLEEEEING.
  4106 | D:6      | 4106 ||| FLEEEEING.
  4107 | D:6      | 4107 ||| FLEEEEING.
  4108 | D:6      | 4108 ||| FLEEEEING.
  4109 | D:6      | 4109 ||| FLEEEEING.
  4110 | D:6      | 4110 ||| FLEEEEING.
  4111 | D:6      | 4111 ||| FLEEEEING.
  4112 | D:6      | 4112 ||| FLEEEEING.
  4113 | D:6      | 4113 ||| FLEEEEING.
  4114 | D:6      | 4114 ||| STAIRDANCE
  4224 | D:6      | Noticed a steam dragon
  4225 | D:6      | 4225 ||| INVOKING Heroism.
  4233 | D:6      | Killed a steam dragon
  4234 | D:6      | Reached skill level 3 in Invocations
  4234 | D:6      | Reached XP level 8. HP: 48/48 MP: 6/10
  4302 | D:6      | Found a staircase to the Ecumenical Temple.
  4351 | D:6      | 4351 ||| INVOKING Heroism.
  4640 | D:6      | 4640 ||| INVOKING Heroism.
  4645 | D:6      | 4645 ||| Stepping ~*~*~tactically~*~*~ (outnumbered).
  4661 | D:6      | 4661 ||| INVOKING Heroism.
  4743 | D:6      | 4743 ||| READING 2 scrolls labelled ICER YZUAPT.
  4744 | D:6      | 4744 ||| READING scroll of enchant weapon.
  4744 | D:6      | 4744 ||| ENCHANTING +2 sling.
  4745 | D:6      | 4745 ||| READING 3 scrolls of identify.
  4745 | D:6      | 4745 ||| IDENTIFYING brown potion
  4746 | D:6      | 4746 ||| READING 2 scrolls of identify.
  4746 | D:6      | 4746 ||| IDENTIFYING fuming grey potion
  4747 | D:6      | 4747 ||| DROPPING potion of degeneration.
  4893 | D:7      | Reached skill level 8 in Ranged Weapons
  4893 | D:7      | Found a snail-covered altar of Cheibriados.
  4895 | D:7      | Found a glowing silver altar of Zin.
  4925 | D:7      | Noticed Dowan
  4926 | D:7      | Noticed Duvessa
  4927 | D:7      | 4927 ||| INVOKING Heroism.
  4940 | D:7      | 4940 ||| INVOKING Heroism.
  4945 | D:7      | Killed Dowan
  4965 | D:7      | Killed Duvessa
  5283 | D:7      | 5283 ||| INVOKING Heroism.
  5330 | D:7      | 5330 ||| INVOKING Heroism.
  5333 | D:7      | Reached XP level 9. HP: 29/54 MP: 9/12
  5502 | D:7      | Reached skill level 9 in Ranged Weapons
  5557 | D:7      | Reached skill level 6 in Fighting
  5679 | D:7      | 5679 ||| SWAPPING to +0 orcbow.
  5680 | D:7      | 5680 ||| DROPPING +3 sling.
  5850 | D:7      | Found a basalt altar of Yredelemnul.
  6086 | D:7      | 6086 ||| DRINKING 2 inky potions.
  6142 | D:8      | 6142 ||| STAIRDANCE
  6201 | D:8      | 6201 ||| INVOKING Heroism.
  6203 | D:8      | Reached ** piety under Okawaru
  6204 | D:8      | Reached skill level 10 in Ranged Weapons
  6206 | D:8      | Reached skill level 3 in Armour
  6209 | D:8      | HP: 9/55 [yak (10)]
  6209 | D:8      | Slain by a yak

Levels and vault maps discovered:
D:1:      lemuel_arrival_hallway, layout_rooms, minmay_pentomino_t4
D:2:      layout_rooms, basic_altar
D:3:      layout_loops_corners, mainiacjoe_overflow_cross_hatched,
          nicolae_tso_carved_into_rock, hangedman_decor_points,
          grunt_decor_resistance, minmay_close_crescents
D:4:      layout_loops_cross, chequers_temple_overflow_minitemple,
          minmay_quadrilaterals
D:5:      layout_rooms, lemuel_doored_altar, okawaru_gym_becter,
          amethyst_overflow_temple_binary, makhleb_heckhound_becter,
          gammafunk_ghost_grave
D:6:      layout_basic, minmay_temple_entry_antechambers
D:7:      layout_loops_corners, kennysheep_mini_moat, jmf_multi_god_temple,
          uniq_duvessa
D:8:      layout_loops_cross, minmay_bent

Skill      XL: |  1  2  3  4  5  6  7  8  9 |
---------------+----------------------------+-----
Ranged Weapons | 3 4 5 6 7 8 10 | 10.2
Fighting       | 2 3 4 5 6 |  6.0
Armour         | 1 2 3 |  3.2
Invocations    | 3 4 |  4.1
Dodging        | 2 |  2.5
Spellcasting   | |  1.0
Hexes          | |  2.6

Action                     |  1- 3 |  4- 6 |  7- 9 || total
---------------------------+-------+-------+-------++-------
   Fire: Sling             |   113 |   240 |   329 ||   682
         Orcbow            |       |       |    42 ||    42
 Invoke: Heroism           |       |       |    10 ||    10
    Use: Scroll            |     2 |     9 |     7 ||    18
         Potion            |     1 |     2 |     3 ||     6
 Armour: Robe              |     2 |       |       ||     2
         Leather armour    |    38 |    20 |   144 ||   202
         Ring mail         |       |    90 |       ||    90
  Dodge: Dodged            |    52 |    91 |   178 ||   321

Table legend:
 A = Non-vault XP
 B = Vault XP
 C = Vault XP percentage of total XP
 D = Non-vault monster count
 E = Vault monster count
 F = Vault count percentage of total count
                 A         B        C        D         E       F
            +---------+---------+-------+---------+---------+-------
      Total |    3234 |     495 |  13.3 |     113 |      20 |  15.0
            +---------+---------+-------+---------+---------+-------
        D:1 |      27 |       6 |  18.2 |      10 |       4 |  28.6
        D:2 |      48 |       0 |   0.0 |      20 |       0 |   0.0
        D:3 |      96 |      23 |  19.3 |      21 |       6 |  22.2
        D:4 |     129 |     120 |  48.2 |      10 |       5 |  33.3
        D:5 |     456 |      45 |   9.0 |      14 |       1 |   6.7
        D:6 |     649 |       0 |   0.0 |      16 |       0 |   0.0
        D:7 |    1339 |     301 |  18.4 |      19 |       4 |  17.4
        D:8 |     490 |       0 |   0.0 |       3 |       0 |   0.0
            +---------+---------+-------+---------+---------+-------
